 Dungeon Crawl Stone Soup version 0.30.1-9-gdf580d7c3d (webtiles) character file.

Game seed: 2379620902867796332

112124 EnjSadman the Severer (level 16, -10/159 HPs)
             Began as a Minotaur Berserker on Sept 30, 2023.
             Was a High Priest of Trog.
             Mangled by a sun moth (13 damage)
             ... on level 4 of the Spider Nest.
             The game lasted 01:04:02 (23651 turns).

EnjSadman the Severer (Minotaur Berserker)         Turns: 23651, Time: 01:04:03

Health: -10/159    AC: 27    Str: 34    XL:     16   Next: 11%
Magic:  15/15      EV: 11    Int:  4    God:    Trog [*****.]
Gold:   1487       SH:  0    Dex: 12    Spells: 15/15 levels left

rFire   . . .        M - +4 war axe (flame)
rCold   . . .        (no shield)
rNeg    . . .        I - +0 plate armour
rPois   +            F - +1 hat {SInv}
rElec   .            D - +2 cloak {Will+}
rCorr   .            a - +0 pair of gloves
SInv    +            R - +0 pair of boots
Will    ++...        L - amulet of regeneration Stlth
                     r - +6 ring of strength
HPRegen 1.26/turn    O - ring of poison resistance
MPRegen 0.14/turn

%: no passive effects
@: on fire, glowing
A: horns 2, retaliatory headbutt
a: Renounce Religion, Berserk, Trog's Hand, Brothers in Arms


You were on level 4 of the Spider Nest.
You worshipped Trog.
Trog was extremely pleased with you.
You visited 4 branches of the dungeon, and saw 25 of its levels.

You collected 1667 gold pieces.
You spent 180 gold pieces at shops.

Inventory:

Hand Weapons
 m - the +3 battleaxe "Wemmesm" {heavy, rN+ rCorr Str+8 Int-2}
   (Trog gifted it to you on level 2 of the Spider Nest)

   Str:       It affects your strength (+8).
   Int:       It affects your intelligence (-2).
   rN:        It protects you from negative energy.
   rCorr:     It protects you from acid and corrosion.
 M - a +4 war axe of flaming (weapon)
Missiles
 y - 4 throwing nets (quivered)
Armour
 a - a +0 pair of gloves (worn)
 D - a +2 cloak of willpower (worn)
 F - a +1 hat of see invisible (worn)
 I - a +0 plate armour (worn)
 R - a +0 pair of boots (worn)
Jewellery
 p - a ring of see invisible
 q - an amulet of the acrobat
 r - a +6 ring of strength (left hand)
 u - an amulet of guardian spirit
 E - a +6 ring of dexterity
 G - an amulet of reflection
 L - an amulet of regeneration (around neck)
 O - a ring of poison resistance (right hand)
 X - a ring of willpower
 Z - a ring of protection from fire
Wands
 h - a wand of polymorph (4)
 i - a wand of digging (13)
 s - a wand of flame (53)
 v - a wand of roots (13)
 w - a wand of charming (11)
 W - a wand of acid (5)
Scrolls
 d - 12 scrolls of teleportation
 f - 2 scrolls of torment
 g - 6 scrolls of fear
 k - 4 scrolls of silence
 o - 7 scrolls of vulnerability
 t - 5 scrolls of fog
 x - a scroll of poison
 C - 2 scrolls of immolation
 H - a scroll of butterflies
 J - 7 scrolls of magic mapping
 K - a scroll of brand weapon
 N - 7 scrolls of blinking
 P - 4 scrolls of identify
Potions
 b - 7 potions of mutation
 c - 12 potions of curing
 e - 3 potions of heal wounds
 j - a potion of cancellation
 l - 5 potions of flight
 n - 7 potions of lignification
 z - 6 potions of might
 A - 3 potions of haste
 B - 2 potions of resistance
 Q - 3 potions of attraction
 S - 2 potions of berserk rage
 V - a potion of brilliance
 Y - a potion of invisibility


   Skills:
 + Level 18.7 Fighting
 + Level 20.5 Axes
 + Level 19.8 Armour
 + Level 7.0 Dodging
 - Level 2.2 Shields


You had 15 spell levels left.
You didn't know any spells.
Your spell library was empty.

Dungeon Overview and Level Annotations

Branches:
Dungeon (15/15)            Temple (0/1) D:7            Lair (5/5) D:8
 Shoals (0/4) Lair:3       Spider (4/4) Lair:3        Slime (1/5) Lair:4
    Orc (0/2) D:10         Vaults (0/5) D:13
 Depths: D:15

Altars:
Ashenzari
Cheibriados
Elyvilon
Fedhas
Hepliaklqana
Nemelex Xobeh
Okawaru
Qazlal
Trog
Uskayaw
Vehumet
Yredelemnul
The Shining One
Jiyva

Shops:
D:7 =

Portals:
Trove: D:14 (show abyssal rune of Zot)

Annotations:
D:10 exclusion: statue
D:15 Jorgrun
Spider:4 Roxanne


Innate Abilities, Weirdness & Mutations

You have a pair of horns on your head.
You reflexively headbutt those who attack you in melee.


Message History

Trog accepts your kill.
You slash the redback! You burn the redback.
You are covered in liquid flames!
You are no longer on fire.
The redback completely misses you.
The redback bites you but does no damage.
The sun moth bites you but does no damage.
You hit the redback. You burn the redback.
The redback is severely wounded.
You barely miss the sun moth.
The redback bites you but does no damage.
The sun moth bites you but does no damage.
The redback bites you!!
You slash the redback! You burn the redback.
You kill the redback!
Trog accepts your kill.
You hit the sun moth but do no damage. The sun moth bites you!
You are covered in liquid flames.
You are covered in liquid flames!
The sun moth bites you!!
You are covered in liquid flames.
You are covered in liquid flames!
You closely miss the sun moth.
The sun moth is heavily wounded.
You are covered in liquid flames!
* * * LOW HITPOINT WARNING * * *
The sun moth bites you!
* * * LOW HITPOINT WARNING * * *
You are covered in liquid flames.
You are covered in liquid flames!
You closely miss the sun moth.
The sun moth is heavily wounded.
You are covered in liquid flames!
* * * LOW HITPOINT WARNING * * *
The sun moth bites you!!
* * * LOW HITPOINT WARNING * * *
You are covered in liquid flames!
* * * LOW HITPOINT WARNING * * *
The sun moth bites you but does no damage.
The sun moth bites you!
You die...

#....^^.# ####....###
##.###....####
#####.........#..#
### ...##.......##..#
... #..##<.....#..^#
#^. ##.^####^......##
#..#†...#.###......#
#...@....#.#....###
##.y###....##...#.#
#...^. ##....##.†..#
#...... #.......†..#
#...^^..^###........#
##++++++###...##....#
###..#...###
####..†###..#.#
#..##..#^.....#


You could see a sun moth (berserk).

Vanquished Creatures
  An acid blob (Slime:1)
  An emperor scorpion (Spider:1)
  The ghost of fedepesso the Peltast, an adept GrFi of Okawaru (Spider:2)
  3 ghost moths
  A spark wasp (Spider:4)
  The ghost of Quickbrownfox the Destroyer, a journeyman DsCj of Qazlal (Lair:5)
  An entropy weaver (Spider:2)
  2 vault guards (D:13)
  Harold (D:11)
  An ogre mage (D:15)
  8 hydras
  A radroach (Spider:4)
  4 centaur warriors
  A catoblepas (Lair:1)
  3 boulder beetles
  7 dancing weapons (Spider:2)
  3 death yaks (Lair:5)
  4 tengu warriors (D:13)
  6 two-headed ogres
  Sonja (D:13)
  Nergalle (Lair:3)
  4 skeletal warriors (D:14)
  A spectral death yak (Lair:5)
  A skyshark (Lair:5)
  6 pharaoh ants
  A spectral anaconda (Lair:5)
  4 orb spiders
  An obsidian statue (Lair:5)
  A steelbarb worm (Spider:1)
  A deep elf pyromancer (D:14)
  5 necromancers
  A salamander (shapeshifter) (D:14)
  7 ugly things
  10 wolf spiders
  4 harpies (D:13)
  3 manticores
  A moth of wrath (Spider:4)
  A merfolk siren (Lair:3)
  10 elephants
  7 black mambas
  3 cyclopes
  A molten gargoyle (Lair:4)
  2 demonic crawlers (Spider:1)
  2 gargoyles
  7 cane toads
  7 komodo dragons
  An unseen horror (D:13)
  A yaktaur (D:13)
  5 trolls
  9 meliai
  3 polar bears
  14 blink frogs (Lair:5)
  27 tarantellas
  5 slime creatures (D:13)
  22 jumping spiders
  18 culicivoras
  2 wyverns (Lair:3)
  A wraith (D:9)
  3 basilisks
  43 redbacks
  41 yaks
  2 steam dragons
  20 humans (D:13)
  A death yak simulacrum (Lair:5)
  6 vampire mosquitoes (D:14)
  Grum (D:8)
  A spectral cane toad (Lair:5)
  10 water moccasins
  3 acid dragons
  A black bear (D:6)
  2 sky beasts
  An ice beast (D:5)
  5 orc warriors
  17 wolves
  An ogre (D:7)
  5 centaurs
  An elephant skeleton (Lair:5)
  2 phantoms (D:7)
  Blork the orc (D:4)
  5 bullfrogs
  A cane toad simulacrum (Lair:5)
  A gnoll sergeant (D:8)
  9 wights
  5 killer bees (D:11)
  2 electric eels
  An elephant simulacrum (Lair:5)
  2 jellies
  6 howler monkeys
  6 orc priests
  2 gnoll boudas (D:8)
  4 hounds
  Crazy Yiuf (D:7)
  6 iguanas
  Natasha (twice) (D:3)
  4 sleepcaps
  10 orc wizards
  Robin (D:3)
  30 gnolls
  5 adders
  A shadow imp (D:5)
  4 white imps
  An ufetubus (D:6)
  A worm (D:2)
  A dart slug (D:1)
  44 orcs
  9 endoplasms
  2 giant cockroaches
  16 goblins
  15 hobgoblins
  2 jackals (D:3)
  2 quokkas
  2 ball pythons (D:2)
  7 bats
  3 frilled lizards
  10 kobolds
  3 rats
644 creatures vanquished.

Vanquished Creatures (collateral kills)
  A broodmother (Spider:3)
  2 tarantellas (Spider:3)
  A jumping spider (Spider:3)
  3 culicivoras (Spider:3)
  A redback (Spider:3)
8 creatures vanquished.

Grand Total: 652 creatures vanquished

Notes
Turn   | Place    | Note
-------+----------+-------------------------------------------
     0 | D:1      | EnjSadman the Minotaur Berserker began the quest for the
                  | Orb.
     0 | D:1      | Reached XP level 1. HP: 19/19 MP: 0/0
   144 | D:1      | Reached skill level 4 in Axes
   144 | D:1      | Reached XP level 2. HP: 27/27 MP: 1/1
   419 | D:1      | Reached ** piety under Trog
   424 | D:1      | Reached XP level 3. HP: 27/33 MP: 2/2
  1087 | D:2      | Reached XP level 4. HP: 32/41 MP: 3/3
  1492 | D:3      | Reached skill level 5 in Axes
  1618 | D:3      | Noticed Natasha
  1628 | D:3      | Killed Natasha
  1769 | D:3      | Reached XP level 5. HP: 24/47 MP: 4/4
  2288 | D:3      | Noticed Natasha
  2295 | D:3      | Killed Natasha
  2296 | D:3      | Reached skill level 6 in Axes
  2296 | D:3      | Reached XP level 6. HP: 48/55 MP: 5/5
  2348 | D:3      | Reached skill level 5 in Fighting
  2351 | D:3      | Noticed Robin
  2353 | D:3      | Reached *** piety under Trog
  2361 | D:3      | Killed Robin
  2455 | D:3      | Found a faded altar of an unknown god.
  2997 | D:4      | Noticed Blork the orc
  3002 | D:4      | Killed Blork the orc
  3007 | D:4      | Found a hide-covered altar of Uskayaw.
  3205 | D:4      | Reached skill level 5 in Armour
  3210 | D:4      | Reached XP level 7. HP: 44/61 MP: 3/6
  3536 | D:5      | Entered Level 5 of the Dungeon
  3607 | D:5      | Reached skill level 7 in Axes
  3717 | D:5      | Found a sparkling altar of Nemelex Xobeh.
  3864 | D:5      | Found a snail-covered altar of Cheibriados.
  3864 | D:5      | Found a blossoming altar of Fedhas.
  3991 | D:5      | Found a large runed translucent door.
  3991 | D:5      | Found a large runed translucent door.
  4344 | D:5      | Found a basalt altar of Yredelemnul.
  4357 | D:5      | Found a hazy altar of Hepliaklqana.
  4466 | D:6      | Reached XP level 8. HP: 49/70 MP: 3/7
  4537 | D:6      | Found a white marble altar of Elyvilon.
  4609 | D:6      | Reached skill level 8 in Axes
  4612 | D:6      | Reached **** piety under Trog
  5755 | D:7      | Found Jomeraf's Jewellery Shop.
  5830 | D:7      | Reached skill level 9 in Axes
  5869 | D:7      | Found a runed translucent door.
  5870 | D:7      | Noticed Crazy Yiuf
  5878 | D:7      | Killed Crazy Yiuf
  5879 | D:7      | Reached XP level 9. HP: 67/78 MP: 5/8
  6010 | D:7      | Reached skill level 10 in Armour
  6281 | D:7      | Found a staircase to the Ecumenical Temple.
  6479 | D:8      | Noticed Grum
  6616 | D:8      | Killed Grum
  6688 | D:8      | Reached skill level 10 in Axes
  6693 | D:7      | Bought a ring of see invisible for 180 gold pieces
  6915 | D:8      | Noticed a two-headed ogre
  6931 | D:8      | Killed a two-headed ogre
  6932 | D:8      | Reached XP level 10. HP: 65/88 MP: 9/9
  6958 | D:8      | Found a staircase to the Lair.
  7556 | D:9      | Reached skill level 1 in Shields
  7748 | D:9      | Reached skill level 11 in Axes
  8007 | D:9      | Reached ***** piety under Trog
  8078 | D:9      | Noticed a two-headed ogre
  8090 | D:9      | Killed a two-headed ogre
  8277 | D:9      | Found a broken altar of Ashenzari.
  8303 | D:9      | Found a glowing golden altar of the Shining One.
  8391 | D:9      | Found a bloodstained altar of Trog.
  8780 | D:10     | Entered Level 10 of the Dungeon
  8807 | D:10     | Found a stormy altar of Qazlal.
  9106 | D:10     | Found a staircase to the Orcish Mines.
  9313 | D:10     | Reached skill level 12 in Axes
  9338 | D:10     | Reached XP level 11. HP: 49/97 MP: 10/10
  9508 | D:10     | Found a radiant altar of Vehumet.
 10020 | D:11     | Noticed Harold
 10037 | D:11     | Killed Harold
 10776 | D:12     | Noticed a brown ugly thing
 10787 | D:12     | Killed a brown ugly thing
 10928 | D:12     | Reached skill level 13 in Axes
 10987 | D:12     | Noticed a two-headed ogre
 10998 | D:12     | Killed a two-headed ogre
 11427 | D:12     | Noticed a two-headed ogre
 11434 | D:12     | Killed a two-headed ogre
 11700 | D:12     | Noticed a brown ugly thing
 11710 | D:12     | Killed a brown ugly thing
 11711 | D:12     | Reached skill level 10 in Fighting
 11734 | D:12     | Noticed a two-headed ogre
 11740 | D:12     | Killed a two-headed ogre
 11785 | D:13     | Noticed a red ugly thing
 11794 | D:13     | Killed a red ugly thing
 11795 | D:13     | Reached skill level 14 in Axes
 12050 | D:13     | Noticed a centaur warrior
 12057 | D:13     | Killed a centaur warrior
 12149 | D:13     | Noticed a centaur warrior
 12155 | D:13     | Killed a centaur warrior
 12156 | D:13     | Reached XP level 12. HP: 90/107 MP: 11/11
 12326 | D:13     | Noticed a tengu warrior
 12326 | D:13     | Noticed a tengu warrior
 12335 | D:13     | Reached skill level 15 in Armour
 12350 | D:13     | Killed a tengu warrior
 12354 | D:13     | Killed a tengu warrior
 12355 | D:13     | Reached skill level 15 in Axes
 12384 | D:13     | Noticed a tengu warrior
 12385 | D:13     | Noticed a tengu warrior
 12406 | D:13     | Killed a tengu warrior
 12407 | D:13     | Reached skill level 5 in Dodging
 12415 | D:13     | Killed a tengu warrior
 12521 | D:13     | Noticed a boulder beetle
 12534 | D:13     | Killed a boulder beetle
 13052 | D:13     | Noticed Sonja
 13079 | D:13     | Killed Sonja
 13262 | D:13     | Reached skill level 16 in Axes
 13499 | D:13     | Found a gate to the Vaults.
 13499 | D:13     | Noticed a vault guard
 13499 | D:13     | Noticed a vault guard
 13507 | D:13     | Killed a vault guard
 13509 | D:13     | Killed a vault guard
 13513 | D:13     | Reached XP level 13. HP: 119/119 MP: 12/12
 14109 | D:14     | Identified the +9 short sword "Arops" {freeze, Dex+6}
 14136 | D:14     | Reached skill level 17 in Axes
 14725 | D:14     | Found a portal to a secret trove of treasure.
 14786 | D:14     | Found an iron altar of Okawaru.
 14995 | D:15     | Entered Level 15 of the Dungeon
 14997 | D:15     | Noticed Jorgrun
 15166 | Lair:1   | Entered Level 1 of the Lair of Beasts
 15485 | Lair:1   | Received a gift from Trog
 16740 | Lair:3   | Reached XP level 14. HP: 120/133 MP: 13/13
 16972 | Lair:3   | Noticed Nergalle
 16985 | Lair:3   | Killed Nergalle
 17090 | Lair:3   | Found a staircase to the Shoals.
 17320 | Lair:3   | Reached skill level 18 in Axes
 17336 | Lair:3   | Found a hole to the Spider Nest.
 17367 | Lair:4   | Found a staircase to the Slime Pits.
 17367 | Lair:4   | Found a viscous altar of Jiyva.
 17578 | Lair:4   | Reached skill level 15 in Fighting
 18118 | Lair:5   | Entered Level 5 of the Lair of Beasts
 18356 | Lair:5   | Found a runed translucent door.
 18469 | Lair:5   | Received a gift from Trog
 18523 | Lair:5   | Reached skill level 19 in Axes
 18530 | Lair:5   | HP: 5/205 [boulder beetle (18)]
 18530 | Lair:5   | HP: 1/205 [boulder beetle (4)]
 18648 | Lair:5   | Identified the +2 battleaxe of Sufficient True Grit {drain,
                  | Will+}
 19816 | Lair:5   | Noticed Quickbrownfox's ghost (journeyman DsCj)
 19826 | Lair:5   | Killed Quickbrownfox's ghost
 20062 | Slime:1  | Entered Level 1 of the Pits of Slime
 20062 | Slime:1  | Noticed an acid blob
 20068 | Slime:1  | Killed an acid blob
 20069 | Slime:1  | Reached XP level 15. HP: 101/145 MP: 14/14
 20100 | Spider:1 | Entered Level 1 of the Spider Nest
 20261 | Spider:1 | Noticed an emperor scorpion
 20277 | Spider:1 | Killed an emperor scorpion
 20315 | Spider:1 | Received a gift from Trog
 20323 | Spider:1 | HP: 5/147 [culicivora (8)]
 21134 | Spider:1 | Reached skill level 20 in Axes
 21787 | Spider:2 | Found a runed translucent door.
 22199 | Spider:2 | Identified the +3 battleaxe "Wemmesm" {heavy, rN+ rCorr
                  | Str+8 Int-2} (Trog gifted it to you on level 2 of the
                  | Spider Nest)
 22199 | Spider:2 | Received a gift from Trog
 22331 | Spider:2 | Found a runed translucent door.
 22332 | Spider:2 | Noticed fedepesso's ghost (adept GrFi)
 22370 | Spider:2 | Killed fedepesso's ghost
 22373 | Spider:2 | Identified the staff of air "Viutour" {*Slow Fly rElec
                  | Will- MP+9}
 22569 | Spider:2 | Reached ****** piety under Trog
 22871 | Spider:3 | Reached XP level 16. HP: 132/147 MP: 15/15
 23441 | Spider:4 | Entered Level 4 of the Spider Nest
 23611 | Spider:4 | Noticed Roxanne
 23651 | Spider:4 | HP: 2/159 [burnt (7)]
 23651 | Spider:4 | Mangled by a sun moth

Illustrated notes

Levels and vault maps discovered:
D:1:      giann_forest_graveyard, layout_basic, minmay_distorted
D:2:      layout_rooms
D:3:      layout_basic, ebering_ecumenical_altar_hall, nicolae_grassy_gnolls,
          uniq_robin, uniq_natasha
D:4:      layout_loops_cross, nicolae_overflow_crystal_walls, uniq_blork_the_orc
D:5:      layout_loops_ring, nemelex_spade_bored_becter, jmf_multi_god_temple2,
          amethyst_overflow_temple_binary
D:6:      layout_gridville, nicolae_elyvilon_temple_path, grunt_ministairs_15
D:7:      layout_cave_pools, minmay_temple_entry_proselytizer,
          serial_column_ruins, column_ruins_hut_pillars,
          column_ruins_open_large, column_ruins_open_small,
          column_ruins_columns_dead_end, column_ruins_corridor_straight,
          column_ruins_open_large, column_ruins_grid_3,
          column_ruins_corridor_corner, nicolae_take_the_stairs,
          grunt_ogre_cave, uniq_crazy_yiuf_cottage
D:8:      layout_basic, dpeg_oklobed_lair, uniq_grum
D:9:      layout_gridville, lightli_temple_of_fire, old_standard_altar,
          mainiacjoe_overflow_six_doors_small
D:10:     layout_basic, vehumet_statue, grunt_qazlal_clouds, hiddenorc1_lemuel
D:11:     layout_irregular_city, uniq_harold
D:12:     layout_loops_ring, hangedman_decor_opposing
D:13:     layout_loops_ring, grunt_vaults_entry_tiered, gauntlet_entry_generic,
          hangedman_aviary, uniq_sonja
D:14:     layout_basic, hellmonk_okawaru_the_only_friend_you_need, enter_trove_3
D:15:     grunt_enter_depths_hoard, layout_rooms, st_stairs_5,
          hangedman_abyss_or_decor_passed, grunt_decor_mini_mirrors,
          uniq_louise, uniq_jorgrun
Lair:1:   layout_regular_city, hibernation_bobbens
Lair:2:   layout_concentric_octagons, grunt_megastairs_1, serial_bayou_shore_a,
          lemuel_fruit_tree, lemuel_fruit_fields
Lair:3:   layout_layer_cave, minmay_shoals_entry_lonely_mermaid,
          nicolae_spider_entry_lesser_pyramids, serial_bayou_shore_b,
          uniq_nergalle
Lair:4:   layout_gridlike, slime_entry_1
Lair:5:   due_jungle_book, layout_regular_city, ebering_ghost_reflecting_pool
Spider:1: layout_cave_pods
Spider:2: cheibrodos_spider_deadly_dance, gammafunk_ghost_grave
Spider:3: layout_spider_delve
Spider:4: grunt_spider_rune_parallel, drop_trap, hellmonk_motheaten_closet,
          uniq_bai_suzhen, uniq_roxanne, uniq_arachne
Slime:1:  layout_caves

Skill      XL: |  1  2  3  4  5  6  7  8  9 10 11 12 13 14 15 |
---------------+----------------------------------------------+-----
Axes           | 4 5 6 7 9 10 12 14 16 17 19 20 | 20.5
Fighting       | 4 5 6 7 9 10 12 14 16 18 | 18.7
Dodging        | 3 4 5 6 7 |  7.0
Armour         | 3 5 7 9 12 13 14 16 17 18 19 | 19.8
Shields        | 2 |  2.2

Action                     |  1- 3 |  4- 6 |  7- 9 | 10-12 | 13-15 | 16-18 || total
---------------------------+-------+-------+-------+-------+-------+-------++-------
  Melee: Hand axe          |    87 |   157 |   297 |   221 |       |       ||   762
         Headbutt          |    11 |    23 |    50 |   101 |   234 |    10 ||   429
         Punch             |     1 |     1 |     2 |     6 |    12 |       ||    22
         War axe           |       |       |       |   271 |   936 |    47 ||  1254
 Invoke: Trog's Hand       |       |     3 |     6 |     7 |    11 |       ||    27
         Berserk           |       |     1 |     3 |     3 |     3 |       ||    10
         Brothers in Arms  |       |       |       |       |     2 |       ||     2
    Use: Scroll            |       |     4 |    11 |    15 |     7 |       ||    37
         Potion            |       |       |       |     1 |     8 |       ||     9
 Armour: Animal skin       |    14 |     5 |       |       |       |       ||    19
         Chain mail        |       |    71 |   155 |   187 |       |       ||   413
         Plate armour      |       |       |       |    23 |   616 |    27 ||   666
         Skin              |       |       |       |       |    37 |       ||    37
  Dodge: Dodged            |    63 |   106 |   131 |   218 |   491 |    17 ||  1026
  Block: Other             |       |       |    10 |    93 |       |       ||   103
         Reflection        |       |       |     1 |     4 |       |       ||     5
